 Dungeon Crawl Stone Soup version 0.30-a0-702-gdf48620a09 (webtiles) character file.

Game seed: 14194814057237166519

170 tkbsonic5 the Sneak (level 5, -3/61 HPs)
             Began as a Demonspawn Brigand on Jan 22, 2023.
             Was an Initiate of Hepliaklqana.
             Killed from afar by Sigmund (7 damage)
             ... with a bolt of light
             ... on level 3 of the Dungeon.
             The game lasted 00:10:29 (1972 turns).

tkbsonic5 the Sneak (Demonspawn Brigand)            Turns: 1972, Time: 00:10:30

Health: -3/61      AC: 22    Str: 14    XL:     5   Next: 25%
Magic:  5/5        EV:  2    Int: 12    God:    Hepliaklqana [......]
Gold:   143        SH:  0    Dex: 14    Spells: 4/4 levels left

rFire   . . .      SeeInvis .    o - +0 quarterstaff
rCold   . . .      Faith    .    (shield currently unavailable)
rNeg    . . .      Spirit   .    (body armour currently unavailable)
rPois   +          Reflect  .    (helmet currently unavailable)
rElec   .          Harm     .    (cloak currently unavailable)
rCorr   .          Rampage  .    (gloves currently unavailable)
Will    .....      NoTele   +    (boots currently unavailable)
Stlth   ++                       (no amulet)
HPRegen 0.30/turn                k - +5 ring of evasion
MPRegen 0.09/turn                (no ring)

@: tree-form
A: stationary, stasis, torment immunity, boosted hp, (claws 1), condensation
shield, demonic magic 1
a: Renounce Religion


You were on level 3 of the Dungeon.
You worshipped Hepliaklqana.
Hepliaklqana was noncommittal.
You were a tree.
You visited 1 branch of the dungeon, and saw 3 of its levels.

You collected 143 gold pieces.

Inventory:

Hand Weapons
 g - a +1 dagger of speed
 o - a +0 quarterstaff (weapon)
Armour
 b - a +0 robe
 c - a +0 cloak (melded)
 d - a +0 ring mail
 e - a +0 chain mail (melded)
 j - a +0 leather armour of poison resistance
Jewellery
 k - a +5 ring of evasion (left branch)
Scrolls
 a - a scroll of teleportation
 l - 3 scrolls of immolation
 p - a scroll of blinking
Potions
 f - 2 potions of curing


   Skills:
 * Level 3.1 Fighting
 - Level 2.1 Short Blades
 * Level 1.6 Staves
 + Level 2.6 Throwing
 + Level 0.6 Armour
 * Level 2.4 Dodging
 - Level 3.8 Stealth


You had 4 spell levels left.
You didn't know any spells.
Your spell library was empty.

Dungeon Overview and Level Annotations

Branches:
Dungeon (2/15)

Altars:
Hepliaklqana

Annotations:
D:2 Natasha
D:3 Sigmund


Innate Abilities, Weirdness & Mutations

You are a tree.
Your roots penetrate the ground, keeping you stationary.
You cannot be teleported.
You are immune to unholy pain and torment.
Your maximum health is greatly increased.
Your equipment is partially melded.
((You have sharp fingernails.))
A meltable shield of frost defends you. (SH +0)
Spells you cast may paralyse adjacent enemies.


Message History

Sigmund hits you but does no damage. Sigmund hits you but does no damage.
Sigmund hits you from afar with a +0 scythe.
You block Sigmund's attack.
Sigmund zaps a wand.
The bolt of light hits you! Sigmund barely misses you.
Sigmund hits you but does no damage. Sigmund asks, "Do you like me?"
Sigmund points at you and mumbles some strange words.
You are confused.
Sigmund mumbles some strange words.
Sigmund flickers and vanishes!
Deactivating autopickup; reactivate with Ctrl-A.
Something hits you but does no damage. Something hits you.
You feel less confused.
You hear some strange, mumbled words.
A puff of flame appears from out of thin air!
The puff of flame hits you!
Your condensation shield dissipates!
You hear a zap.
A bolt of light appears from out of thin air!
The bolt of light hits you but does no damage.
You hear an angry hiss.
A magic dart appears from out of thin air!
The magic dart hits you but does no damage.
Something hits you but does no damage.
A magic dart appears from out of thin air!
The magic dart hits you but does no damage.
Something hits you!
* * * LOW HITPOINT WARNING * * *
You hear a zap.
A bolt of light appears from out of thin air!
The bolt of light hits you!
* * * LOW HITPOINT WARNING * * *
Something completely misses you.
You hear a zap.
A bolt of light appears from out of thin air!
The bolt of light hits you!
You die...

#..#.##...##...### #.#
###)##...# ###.## #.#
##.o#†.## #..# #.#
##'##)##'## #..## #.#
#...g.....#####..#####..
#.8..8b.8.##............
#.b.......#..####.####.#
#####{#####.## #..###..
#.)♣....# ##..####
######### ##..### ##....
#.... #.... #.... #....
#.... #....


There were no monsters in sight!

Vanquished Creatures
  An orc priest (D:3)
  Natasha (D:2)
  An orc wizard (D:3)
  2 adders
  A gnoll (D:1)
  6 orcs (D:3)
  5 bats
  4 endoplasms
  A giant cockroach (D:3)
  2 goblins
  5 hobgoblins
  4 jackals
  9 kobolds
  5 quokkas
  6 ball pythons
  2 frilled lizards
  5 rats
60 creatures vanquished.

Vanquished Creatures (others)
  A kobold (D:3)
1 creature vanquished.

Grand Total: 61 creatures vanquished

Notes
Turn   | Place    | Note
-------+----------+-------------------------------------------
     0 | D:1      | tkbsonic5 the Demonspawn Brigand began the quest for the
                  | Orb.
     0 | D:1      | Reached XP level 1. HP: 16/16 MP: 1/1
    26 | D:1      | Reached skill level 1 in Dodging
   180 | D:1      | Gained mutation: Spells you cast may paralyse adjacent
                  | enemies. [demonic ancestry]
   180 | D:1      | Reached XP level 2. HP: 22/22 MP: 2/2
   715 | D:1      | Gained mutation: You have sharp fingernails. [demonic
                  | ancestry]
   715 | D:1      | Reached XP level 3. HP: 28/28 MP: 3/3
  1021 | D:2      | Noticed Natasha
  1033 | D:2      | Killed Natasha
  1042 | D:2      | Noticed Natasha
  1054 | D:2      | Reached XP level 4. HP: 28/34 MP: 4/4
  1173 | D:2      | You fall into a shaft and drop 1 floor!
  1181 | D:3      | Found a faded altar of an unknown god.
  1283 | D:3      | Found a hazy altar of Hepliaklqana.
  1291 | D:3      | Became a worshipper of Hepliaklqana the Forgotten
  1408 | D:3      | Reached skill level 1 in Staves
  1530 | D:3      | Gained mutation: A meltable shield of frost defends you.
                  | (SH +0) [demonic ancestry]
  1530 | D:3      | Reached XP level 5. HP: 33/41 MP: 5/5
  1908 | D:3      | Noticed Sigmund
  1970 | D:3      | HP: 3/61 [something/bolt of light (13)]
  1972 | D:3      | Killed from afar by Sigmund

Illustrated notes

Levels and vault maps discovered:
D:1:      scummos_arrival_hexagon, layout_loops_ring, minmay_pentomino_z4
D:2:      layout_basic, kennysheep_flooded_box, uniq_natasha
D:3:      minmay_chambers_of_threes, layout_basic,
          mainiacjoe_overflow_surrounded_room, basic_ecumenical_altar,
          uniq_sigmund

Skill      XL: |  1  2  3  4 |
---------------+-------------+-----
Dodging        | 1 2 |  2.4
Throwing       | 2 |  2.6
Short Blades   | 2 |  2.1
Staves         | 1 |  1.6
Fighting       | 3 |  3.1
Armour         | |  0.6
Stealth        | |  3.8

Action                   |  1- 3 |  4- 6 || total
-------------------------+-------+-------++-------
Melee: Dagger            |    22 |       ||    22
       Whip              |     3 |       ||     3
       Quarterstaff      |    43 |    93 ||   136
 Fire: Sling             |     5 |       ||     5
Throw: Dart              |    59 |       ||    59
  Use: Scroll            |     7 |     2 ||     9
       Potion            |     1 |     2 ||     3
 Stab: Sleeping          |     3 |     1 ||     4
Armor: Robe              |    13 |       ||    13
       Chain mail        |       |    71 ||    71
       Ring mail         |       |     1 ||     1
       Skin              |       |     8 ||     8
Dodge: Dodged            |    68 |   106 ||   174
Block: Other             |       |    10 ||    10

Table legend: (Time is in decaauts)
 A = Elapsed time spent in this place.
 B = Non-inter-level travel time spent in this place.
 C = Inter-level travel time spent in this place.
 D = Time resting spent in this place.
 E = Time spent auto-exploring this place.
 F = Levels seen in this place.
 G = Mean time per level.
                   A        B        C        D        E       F      G
               +--------+--------+--------+--------+--------+-----+--------+
         Total |   1998 |   1960 |     38 |      0 |   1427 |   3 |  666.0 |
       Dungeon |   1998 |   1960 |     38 |      0 |   1427 |   3 |  666.0 |
               +--------+--------+--------+--------+--------+-----+--------+

Top non-repeatable levels by time:
     D:1: 907 daAuts
     D:3: 818 daAuts
     D:2: 271 daAuts
